AoeStats
← SnK | YSYSMOOO

Black Forest

507810123Analyzed
4v4 RM · 13d ago on Sep 19, 2026· 42m 14s· 8 players
Game mode
Random Map
Map size
Large (8 player)
Population
200
Speed
Normal
Resources
Standard
Victory
Conquest
Starting age
Dark Age
Ending age
Imperial Age
RankedLock teamsTeams togetherTeam positionsShared explorationLock speedFull tech treeHidden civsTurbo modeCheats
Victory
Defeat
🇹🇷 Bohemians · Türkiye
1702
+16
🇦🇷 Vietnamese · Argentina
1685
+17
🇨🇳 Persians · China
1683
+17
🇮🇳 Mongols · India
1634
+19
🇲🇽 Malay · Mexico
1807
-22
🇲🇽 Mongols · Mexico
1764
-21
🇲🇽 Persians · Mexico
1634
-14
🇺🇸 Saracens · United States
1584
-12
wackadoodle
4:53 Loom
8:52 Feudal Age
9:44 Double-Bit Axe
10:49 Horse Collar
18:40 Fletching
21:09 Castle Age
19:10 Fletching
22:32 Bow Saw
22:34 Forging
23:01 Scale Barding Armor
31:14 Wheelbarrow
30:55 Bodkin Arrow
32:19 Padded Archer Armor
35:32 Heavy Plow
36:33 Hand Cart
36:10 Gold Mining
40:56 Imperial Age
38:36 Husbandry
38:40 Stone Mining
39:27 Gold Shaft Mining
38:58 Nomads
40:43 Leather Archer Armor
40:59 Bloodlines
41:43 Ballistics
41:02 Onager
41:03 Heavy Scorpion
41:26 Capped Ram
42:06 Town Watch
42:58 Stone Shaft Mining
43:25 Chemistry
42:28 Bracer
Jugband
10:31 Feudal Age
11:21 Double-Bit Axe
14:13 Castle Age
12:19 Horse Collar
15:09 Bow Saw
20:12 Wheelbarrow
21:16 Hand Cart
22:51 Heavy Plow
28:39 Imperial Age
27:44 Chemistry
26:40 Town Watch
26:41 Loom
26:58 Scale Mail Armor
27:08 Forging
27:59 Chain Mail Armor
27:05 Pikeman
27:46 Squires
28:17 Fletching
28:15 Arson
28:50 Masonry
28:40 Halberdier
28:48 Houfnice
30:19 Plate Mail Armor
30:26 Iron Casting
31:54 Two-Man Saw
33:54 Blast Furnace
33:13 Bodkin Arrow
33:49 Architecture
33:32 Siege Engineers
35:49 Bracer
35:49 Padded Archer Armor
36:20 Architecture
35:31 Treadmill Crane
39:42 Coinage
39:13 Caravan
41:47 Leather Archer Armor
40:52 Man-at-Arms
42:24 Conscription
42:15 Wagenburg Tactics
SnK | YSYSMOOO
0:33 Loom
14:54 Feudal Age
15:43 Double-Bit Axe
18:28 Castle Age
16:44 Double-Bit Axe
16:57 Horse Collar
19:27 Bow Saw
20:56 Wheelbarrow
24:51 Town Watch
26:53 Hand Cart
27:09 Stone Mining
29:05 Heavy Plow
30:22 Gold Mining
33:49 Imperial Age
32:09 Fletching
32:45 Ballistics
33:04 Padded Archer Armor
33:01 Bodkin Arrow
35:04 Stone Shaft Mining
35:33 Chemistry
34:38 Bracer
34:08 Capped Ram
35:45 Leather Archer Armor
35:55 Thumb Ring
36:57 Hoardings
37:28 Ring Archer Armor
38:02 Ring Archer Armor
37:51 Scale Barding Armor
39:02 Forging
40:04 Two-Man Saw
39:35 Crop Rotation
39:48 Bloodlines
40:01 Chain Barding Armor
41:02 Iron Casting
41:14 Husbandry
41:20 Chatras
41:37 Elite Rattan Archer
42:52 Paper Money
脏丶辫
10:02 Feudal Age
13:53 Castle Age
13:16 Double-Bit Axe
15:00 Bow Saw
21:06 Town Watch
21:59 Loom
24:15 Wheelbarrow
24:09 Bloodlines
24:43 Light Cavalry
27:25 Horse Collar
30:49 Imperial Age
29:40 Scale Barding Armor
30:10 Heavy Plow
30:14 Husbandry
30:41 Chain Barding Armor
30:37 Cavalier
31:45 Conscription
31:13 Capped Ram
32:49 Plate Barding Armor
32:48 Savar
33:40 Forging
34:55 Coinage
34:45 Hand Cart
34:49 Siege Ram
36:08 Iron Casting
39:43 Blast Furnace
39:27 Banking
41:47 Caravan
eL|Hooligan
0:46 Loom
9:35 Feudal Age
14:17 Double-Bit Axe
14:14 Horse Collar
18:40 Fletching
23:24 Castle Age
23:13 Wheelbarrow
23:39 Bow Saw
23:29 Heavy Plow
26:22 Gold Mining
28:38 Hand Cart
33:46 Imperial Age
31:36 Squires
31:32 Pikeman
32:24 Forging
32:36 Halberdier
33:38 Crossbowman
34:24 Thumb Ring
34:40 Thumb Ring
35:03 Ballistics
35:41 Iron Casting
35:24 Bodkin Arrow
36:07 Arbalester
38:20 Blast Furnace
38:41 Bracer
38:28 Elite Skirmisher
39:42 Crop Rotation
40:19 Chemistry
39:43 Padded Archer Armor
40:31 Conscription
40:50 Leather Archer Armor
41:08 Siege Engineers
MztK | FeNiX
11:16 Feudal Age
15:18 Castle Age
13:29 Double-Bit Axe
16:16 Bow Saw
24:24 Horse Collar
24:36 Gold Mining
26:37 Wheelbarrow
28:49 Imperial Age
27:30 Scale Barding Armor
27:36 Forging
28:37 Husbandry
28:51 Bloodlines
29:39 Iron Casting
29:25 Chain Barding Armor
32:08 Plate Barding Armor
31:29 Fletching
34:36 Blast Furnace
34:42 Chemistry
34:19 Ballistics
36:11 Masonry
37:20 Heavy Plow
38:22 Two-Man Saw
38:29 Bodkin Arrow
38:42 Elite War Elephant
LAT_Power_
4:12 Loom
10:50 Feudal Age
16:01 Castle Age
14:26 Double-Bit Axe
16:58 Bow Saw
28:05 Scale Barding Armor
34:10 Imperial Age
32:43 Forging
35:34 Wheelbarrow
35:02 Horse Collar
36:23 Two-Man Saw
35:45 Fletching
38:24 Chain Barding Armor
38:39 Iron Casting
38:34 Husbandry
38:45 Bloodlines
40:16 Plate Barding Armor
41:08 Elite Mameluke
MztK | SpAwN
0:37 Loom
15:11 Feudal Age
15:57 Double-Bit Axe
15:53 Horse Collar
19:22 Castle Age
20:40 Bow Saw
29:16 Wheelbarrow
34:12 Imperial Age
32:18 Gold Mining
35:32 Drill
34:35 Onager
36:08 Fletching
36:01 Siege Onager
37:50 Siege Onager
Connection lost

Rejoining the realm…

Still unreachable

The connection could not be restored.

Session expired

The server has moved on; the page needs a fresh start.